 Dungeon Crawl Stone Soup version 0.32-a0-18-g89e19f1974 (webtiles) character file.

Game seed: 11905370741053236954

403 LeprechaunX the Changeling (level 6, -8/42 HPs)
             Began as an Octopode Shapeshifter on Jan 16, 2024.
             Mangled by an ogre
             ... wielding a +0 giant spiked club
              (16 damage)
             ... on level 4 of the Dungeon.
             The game lasted 00:04:19 (2907 turns).

LeprechaunX the Changeling (Octopode Shapeshifter)  Turns: 2907, Time: 00:04:20

Health: -8/42      AC:  1    Str: 14    XL:     6   Next: 86%
Magic:  6/6        EV: 13    Int: 12    God:
Gold:   110        SH:  0    Dex: 13    Spells: 5/5 levels left

rFire   . .          .
                       - Unarmed
rCold   . . .        (no shield)
rNeg    . . .        (helmet currently unavailable)
rPois   .            g - amulet of regeneration
rElec   .            (no ring)
rCorr   .            (no ring)
SInv    .            (no ring)
Will    .....        (no ring)
Stlth   ++           (no ring)
HPRegen 1.07/turn    (no ring)
MPRegen 0.10/turn    (no ring)
                     (no ring)

%: no passive effects
@: beast-form
A: beast (slay +3), almost no armour, amphibious, 8 rings, camouflage 1,
gelatinous body 1, (nimble swimmer 1), tentacles
a: Begin Untransformation


You were on level 4 of the Dungeon.
You were a hulking beast.
You visited 1 branch of the dungeon, and saw 5 of its levels.

You collected 136 gold pieces.
You spent 26 gold pieces at shops.

Inventory:

Missiles
 s - 6 boomerangs (quivered)
Jewellery
 g - an amulet of regeneration (around mantle)
Talismans
 b - a beast talisman
 c - a flux talisman
 f - a granite talisman
Scrolls
 e - 3 scrolls of fog
 h - a scroll of teleportation
 i - a scroll of torment {unknown}
 j - a scroll of immolation {unknown}
 l - 2 scrolls of amnesia {unknown}
 o - a scroll of brand weapon {unknown}
 p - a scroll of enchant weapon {unknown}
 t - a scroll of revelation {unknown}
 u - a scroll of blinking {unknown}
Potions
 a - a potion of lignification
 d - 2 potions of haste {unknown}
 k - 2 potions of heal wounds
 n - 2 potions of curing {unknown}
 q - a potion of brilliance {unknown}
 r - a potion of resistance {unknown}
 v - a potion of enlightenment {unknown}
 w - a potion of berserk rage {unknown}


   Skills:
 + Level 3.3 Fighting
 - Level 2.2 Dodging
 + Level 4.4 Unarmed Combat
 * Level 5.3 Shapeshifting


You had 5 spell levels left.
You didn't know any spells.
Your spell library contained the following spells:

 Spells                   Type           Power      Damage    Failure   Level
 Magic Dart               Conj           0%         1d3       32%         1
 Slow                     Hex            0%         N/A       32%         1
 Jinxbite                 Hex            0%         N/A       45%         2
 Searing Ray              Conj           0%         2d4       45%         2
 Confusing Touch          Hex            0%         N/A       69%         3
 Sigil of Binding         Hex            0%         N/A       69%         3
 Vampiric Draining        Necr           0%         2d6       69%         3
 Fulminant Prism          Conj/Alch      0%         3d5       97%         4
 Yara's Violent Unravell  Hex/Alch       0%         3d3       100%        5
 Enfeeble                 Hex            0%         N/A       100%        7


Dungeon Overview and Level Annotations

Branches:
Dungeon (5/15)
 Temple: D:4-7

Altars:
Cheibriados
Yredelemnul

Shops:
D:4 *?!


Innate Abilities, Weirdness & Mutations

You are a hulking beast.
Your limbs bulge with bestial killing power. (Slay +3)
You cannot wear most types of armour.
You are amphibious.
You can wear up to eight rings at the same time.
Your skin changes colour to match your surroundings (Stealth+).
Your rubbery body absorbs attacks. (AC +1, EV +1)
((You are camouflaged when in or above water. (Stealth+)))
You have tentacles for arms and can constrict up to eight enemies at once.


Message History

You drop 2 potions of degeneration.
You see here a +0 trident.
There is a stone staircase leading down here.
You climb downwards.
Found a leather armour and 14 gold pieces.
Found an escape hatch in the floor.
There is a stone staircase leading up here.
There are monsters nearby!
Throw: 6 boomerangs
Press: ? - help, Q - select action Shift-Dir - straight line, f - ogre
Aim: an ogre, wielding a +0 giant spiked club (asleep, 98% to hit)
You throw a boomerang. The boomerang hits the ogre.
The ogre shouts!
The ogre is lightly wounded.
You hear an angry hiss.
Throw: 6 boomerangs
Press: ? - help, Q - select action Shift-Dir - straight line, f/p - ogre
Aim: an ogre, wielding a +0 giant spiked club (lightly wounded, 74% to hit)
You throw a boomerang. The boomerang hits the ogre.
The ogre is moderately wounded.
Throw: 6 boomerangs
Press: ? - help, Q - select action Shift-Dir - straight line, f/p - ogre
Aim: an ogre, wielding a +0 giant spiked club (moderately wounded, 74% to hit)
You throw a boomerang. The boomerang hits the ogre.
The ogre is heavily wounded.
The iguana hisses angrily.
The ogre hits you with a +0 giant spiked club!!
Ouch! That really hurt!
An iguana comes into view.
Unknown command.
There is a stone staircase leading up here.
The ogre hits you with a +0 giant spiked club!
* * * LOW HITPOINT WARNING * * *
You climb upwards.
There is a stone staircase leading down here.
Unknown command.
You bludgeon the ogre! You squeeze the ogre.
The ogre is almost dead.
The ogre hits you with a +0 giant spiked club!
You die...

#≈≈∩≈≈.# #≈≈≈≈≈.#### #)≈≈≈.....#
#.........# ##### ###.........#
#...# #...........# #...#
#.[.........#
....###########..O........#
................h.......###
....####...####.........###### #
....##..................#....####
....##..........).......#..#..##.
..####.....................#.....
.### #...........#######.#.##....
...###.............#.......##....
.#..##.............#.)......##..#
.....########......#........##..#


You could see an ogre.

Vanquished Creatures
  An ogre (D:3)
  A scorpion (D:4)
  A bombardier beetle (D:4)
  A hound (D:4)
  A jelly (D:4)
  3 gnolls (D:4)
  4 adders
  4 dart slugs
  A ribbon worm (D:2)
  11 orcs
  9 ball pythons
  4 endoplasms
  3 giant cockroaches
  5 goblins
  8 hobgoblins
  3 jackals (D:3)
  2 quokkas (D:2)
  4 bats
  4 frilled lizards
  8 kobolds
  10 rats
88 creatures vanquished.

Notes
Turn   | Place    | Note
-------+----------+-------------------------------------------
     0 | D:1      | LeprechaunX the Octopode Shapeshifter began the quest for
                  | the Orb.
     0 | D:1      | Reached XP level 1. HP: 13/13 MP: 1/1
   144 | D:1      | Reached XP level 2. HP: 17/18 MP: 2/2
   644 | D:2      | Reached XP level 3. HP: 13/23 MP: 3/3
   980 | D:2      | Reached XP level 4. HP: 29/29 MP: 4/4
  1496 | D:3      | Noticed an ogre
  1501 | D:3      | Killed an ogre
  1502 | D:3      | Reached skill level 4 in Shapeshifting
  1502 | D:3      | Reached XP level 5. HP: 9/35 MP: 5/5
  1611 | D:3      | Found a snail-covered altar of Cheibriados.
  1919 | D:4      | Reached XP level 6. HP: 24/41 MP: 6/6
  2054 | D:4      | Found a basalt altar of Yredelemnul.
  2073 | D:4      | Found Aceuc's General Store.
  2086 | D:4      | Reached skill level 5 in Shapeshifting
  2299 | D:4      | Bought a scroll of identify for 26 gold pieces
  2493 | D:4      | Found Qeobymp's Distillery.
  2666 | D:4      | Found Rilobb's Magic Scroll Shop.
  2899 | D:5      | Entered Level 5 of the Dungeon
  2907 | D:4      | Mangled by an ogre

Illustrated notes

Levels and vault maps discovered:
D:1:      amcnicky_arrival_wind_blow, layout_rooms, minmay_pentomino_u2
D:2:      layout_basic, minmay_misc_feat_tower, chequers_hall_statues_wall_a
D:3:      layout_rooms, nicolae_overflow_hidden_temple,
          minmay_tree_intersection, grunt_decor_resistance
D:4:      layout_basic, mainiacjoe_overflow_24_doors, serial_shops,
          nicolae_shop_rolled_up, shop, nicolae_shop_waterfront,
          minmay_misc_feat_x, roderic_lattice_a
D:5:      layout_cave_pools, makhleb_altar_promises_db, serial_shops,
          nicolae_shop_hallway_plus, st_stairs_7

Skill      XL: |  1  2  3  4  5  6 |
---------------+-------------------+-----
Fighting       | 2 3 |  3.3
Shapeshifting  | 4 5 |  5.3
Unarmed Combat | 4 |  4.4
Dodging        | |  2.2

Action                     |  1- 3 |  4- 6 || total
---------------------------+-------+-------++-------
  Melee: Unarmed           |    69 |   114 ||   183
         Constrict         |    17 |    26 ||    43
         Tentacles         |     9 |    34 ||    43
         Punch             |     1 |     2 ||     3
  Throw: Boomerang         |       |     3 ||     3
    Use: Scroll            |       |     4 ||     4
   Stab: Sleeping          |     5 |     4 ||     9
         Distracted        |     1 |     1 ||     2
 Armour: Skin              |    28 |    55 ||    83
  Dodge: Dodged            |    32 |    54 ||    86

Table legend: (Time is in decaauts)
 A = Elapsed time spent in this place.
 B = Non-inter-level travel time spent in this place.
 C = Inter-level travel time spent in this place.
 D = Time resting spent in this place.
 E = Time spent auto-exploring this place.
 F = Levels seen in this place.
 G = Mean time per level.
                   A        B        C        D        E       F      G
               +--------+--------+--------+--------+--------+-----+--------+
         Total |   2894 |   2795 |     99 |    249 |   1945 |   5 |  578.8 |
       Dungeon |   2894 |   2795 |     99 |    249 |   1945 |   5 |  578.8 |
               +--------+--------+--------+--------+--------+-----+--------+

Top non-repeatable levels by time:
     D:4: 1017 daAuts
     D:2: 826 daAuts
     D:3: 571 daAuts
     D:1: 471 daAuts
     D:5: 7 daAuts
